[Event "Titled Tuesday Blitz September 27 Early 2022"]
[White "Butti, Enrique"]
[Black "Poltorak, Sebastian"]
[WhiteFideId "3700470"]
[BlackFideId "1199498"]
[WhiteElo "2080"]
[BlackElo "2104"]
[Result "0-1"]
[Round "01"]
[TimeControl "180+1"]
[Date "2022.09.27"]
[WhiteClock "0:00:14"]
[BlackClock "0:00:05"]

1. d4 Nf6 2. Nf3 b6 3. e3 e6 4. Bd3 c5 5. O-O Bb7 6. b3 Be7 7. Bb2 O-O 8. c4 cxd4 9. exd4 d5 10. Nc3 Nc6 11. Qe2 Rc8 12. Rad1 Ba6 13. Nb5 Bxb5 14. cxb5 Na5 15. Rc1 Qd6 16. Qd2 Ne4 17. Bxe4 dxe4 18. Ne5 f6 19. Nc4 Nxc4 20. bxc4 Rfd8 21. Qe2 f5 22. a3 Bf6 23. Rfd1 g6 24. c5 Qd5 25. c6 Kf7 26. a4 Qb3 27. Qc2 Qxc2 28. Rxc2 Rd5 29. Rcd2 Rcd8 30. Kf1 Ke8 31. Ke2 Rc8 32. Bc3 Kd8 33. a5 Kc7 34. axb6+ Kxb6 35. Rb1 Rxb5 36. Rxb5+ Kxb5 37. Rb2+ Kxc6 38. Ra2 Rc7 39. Ra6+ Kd7 40. Bb4 Bxd4 41. Rd6+ Ke8 42. Rxd4 Kf7 43. Bd6 Rb7 44. Be5 a5 45. Ra4 Ra7 46. Bc3 Rc7 47. Bxa5 Rc2+ 48. Bd2 Kf6 49. Rb4 Ra2 50. Rc4 h5 51. h4 Ke5 52. Rc5+ Kd4 53. Rc6 Kd5 54. Rc8 Ke5 55. Rg8 Kf6 56. Ke3 Ra3+ 57. Kf4 e5# 0-1


[Site "https://www.chess.com"]

[Event "Titled Tuesday Blitz September 27 Early 2022"]
[White "Caruana, Fabiano"]
[Black "Badelka, Olga"]
[WhiteFideId "2020009"]
[BlackFideId "13509926"]
[WhiteElo "2847"]
[BlackElo "2165"]
[Result "1-0"]
[Round "01"]
[TimeControl "180+1"]
[Date "2022.09.27"]
[WhiteClock "0:01:08"]
[BlackClock "0:00:09"]

1. e3 c5 2. Nf3 Nc6 3. d4 cxd4 4. exd4 d5 5. c3 Nf6 6. Bf4 Bg4 7. Nbd2 e6 8. Qb3 Qc8 9. Bd3 Bxf3 10. Nxf3 Be7 11. O-O O-O 12. a4 Qd7 13. Qc2 g6 14. Qe2 Nh5 15. Bh6 Rfe8 16. Ne5 Nxe5 17. dxe5 Bf8 18. Bb5 Qc7 19. Bxe8 Bxh6 20. Bb5 Nf4 21. Qf3 Qxe5 22. Rfe1 Qc7 23. Rad1 a6 24. Bf1 Rd8 25. g3 Nh5 26. c4 d4 27. b4 Bg7 28. c5 e5 29. Bg2 Rb8 30. Qd5 Kf8 31. b5 axb5 32. axb5 Bf6 33. b6 Qd8 34. Qxd8+ 1-0


[Site "https://www.chess.com"]

[Event "Titled Tuesday Blitz September 27 Early 2022"]
[White "Chernomordik, Pavel"]
[Black "Dardha, Daniel"]
[WhiteFideId "2804530"]
[BlackFideId "240990"]
[WhiteElo "2217"]
[BlackElo "2528"]
[Result "0-1"]
[Round "01"]
[TimeControl "180+1"]
[Date "2022.09.27"]
[WhiteClock "0:00:02"]
[BlackClock "0:01:49"]

1. e4 e5 2. Nf3 Nc6 3. Bb5 Nf6 4. Qe2 Bd6 5. h3 O-O 6. g4 Re8 7. c3 Bc5 8. d3 d5 9. Nbd2 a6 10. Ba4 Be6 11. Nf1 b5 12. Bb3 Na5 13. Ng3 Nxb3 14. axb3 dxe4 15. Nxe4 Nxe4 16. dxe4 Bxb3 17. Bg5 f6 18. Be3 Bc4 19. Qc2 Bxe3 20. fxe3 Qd3 21. Qxd3 Bxd3 22. Nd2 Red8 23. O-O-O c5 24. Nb3 Bxe4 25. Rxd8+ Rxd8 26. Re1 c4 27. Nc5 Bg2 28. h4 Rd6 29. e4 Bf3 30. g5 fxg5 31. hxg5 Rg6 32. Rf1 Bg4 33. Rg1 Rxg5 34. Nxa6 h5 35. Nc7 h4 36. Nxb5 h3 37. Nd6 h2 38. Rh1 Rh5 39. Nxc4 Bf3 40. Rxh2 Rxh2 41. Nxe5 Bxe4 42. b4 Rc2+ 0-1


[Site "https://www.chess.com"]

[Event "Titled Tuesday Blitz September 27 Early 2022"]
[White "Ciuffoletti, Paolo"]
[Black "Machidon, Cristi"]
[WhiteFideId "807630"]
[BlackFideId "13904590"]
[WhiteElo "2143"]
[BlackElo "2312"]
[Result "0-1"]
[Round "01"]
[TimeControl "180+1"]
[Date "2022.09.27"]
[WhiteClock "0:00:01"]
[BlackClock "0:00:21"]

1. e4 c6 2. d4 d5 3. exd5 cxd5 4. c4 Nf6 5. Nc3 e6 6. Nf3 Nc6 7. cxd5 exd5 8. Ne5 Bd6 9. Bb5 Qc7 10. O-O O-O 11. Bxc6 bxc6 12. Re1 Re8 13. Bg5 Ng4 14. Nxg4 Rxe1+ 15. Qxe1 Bxg4 16. h3 Bf5 17. Qd2 h6 18. Be3 Qb6 19. Rc1 Rb8 20. Na4 Qa6 21. b3 Ba3 22. Rd1 Bb4 23. Qb2 Bd6 24. Nc5 Qb5 25. a4 Qb6 26. Rc1 Kh7 27. g4 Bg6 28. Nd7 Qxb3 29. Qxb3 Rxb3 30. Rxc6 Bb4 31. Rc7 Be4 32. Nc5 Rb1+ 0-1


[Site "https://www.chess.com"]

[Event "Titled Tuesday Blitz September 27 Early 2022"]
[White "Cnejev, Vladimir-Alexandru"]
[Black "Timofeev, Artyom"]
[WhiteFideId "1260898"]
[BlackFideId "4140419"]
[WhiteElo "2511"]
[BlackElo "2885"]
[Result "0-1"]
[Round "01"]
[TimeControl "180+1"]
[Date "2022.09.27"]
[WhiteClock "0:00:01"]
[BlackClock "0:02:07"]

1. e4 c6 2. d4 d5 3. exd5 cxd5 4. Bd3 Nc6 5. c3 Qc7 6. h3 e6 7. Nf3 Bd6 8. O-O Nge7 9. Re1 h6 10. Qe2 O-O 11. Ne5 f6 12. Ng4 e5 13. Bxh6 e4 14. Bc2 gxh6 15. Nxh6+ Kg7 16. Qh5 Be6 17. Bxe4 Rh8 18. Bd3 Rxh6 19. Qf3 Bf7 20. Nd2 Bg6 21. Qg4 f5 22. Qf3 Rf8 23. Re6 Nd8 0-1


[Site "https://www.chess.com"]

[Event "Titled Tuesday Blitz September 27 Early 2022"]
[White "Corallo, Michael"]
[Black "Dilanyan, Grigor"]
[WhiteFideId "2024152"]
[BlackFideId "13303570"]
[WhiteElo "2150"]
[BlackElo "2264"]
[Result "0-1"]
[Round "01"]
[TimeControl "180+1"]
[Date "2022.09.27"]
[WhiteClock "0:00:17"]
[BlackClock "0:01:59"]

1. e4 e5 2. Nf3 Nc6 3. Bb5 a6 4. Ba4 Nf6 5. d3 b5 6. Bb3 Be7 7. O-O O-O 8. h3 d6 9. a3 Na5 10. Ba2 c5 11. Nc3 Be6 12. Nd5 Bxd5 13. exd5 Nd7 14. b4 Nb7 15. Re1 f5 16. Bb2 Bf6 17. Nd2 Re8 18. Qf3 g6 19. Rab1 a5 20. bxc5 Nbxc5 21. g4 Bg5 22. Nf1 Rf8 23. Bc3 b4 24. Bd2 e4 25. dxe4 fxe4 26. Qg2 bxa3 27. Ne3 Bh4 28. Rf1 Ne5 29. Bc3 Nf3+ 30. Kh1 Bf6 31. Bxf6 Qxf6 0-1


[Site "https://www.chess.com"]

[Event "Titled Tuesday Blitz September 27 Early 2022"]
[White "Cruz, Jonathan"]
[Black "Nguyen, Thien Ngan"]
[WhiteFideId "3802124"]
[BlackFideId "12414816"]
[WhiteElo "2406"]
[BlackElo "1873"]
[Result "1-0"]
[Round "01"]
[TimeControl "180+1"]
[Date "2022.09.27"]
[WhiteClock "0:00:14"]
[BlackClock "0:00:46"]

1. Nf3 d5 2. d4 e6 3. c4 c5 4. cxd5 exd5 5. Nc3 Nc6 6. e3 Nf6 7. dxc5 Bxc5 8. Be2 O-O 9. O-O Re8 10. b3 Be6 11. Bb2 Qe7 12. Rc1 Rad8 13. Nb5 Ne4 14. Nbd4 Bg4 15. Nxc6 bxc6 16. Nd4 Bxd4 17. Qxd4 f5 18. f3 c5 19. Qd3 c4 20. Qd4 cxb3 21. fxg4 fxg4 22. axb3 Nf6 23. Bd3 Qxe3+ 24. Qxe3 Rxe3 25. Bxf6 gxf6 26. Rcd1 d4 27. Rxf6 Kg7 28. Rf4 h5 29. Rf5 Kh6 30. Rc5 Rde8 31. Rc6+ Kg5 32. Rd6 Re1+ 33. Rxe1 Rxe1+ 34. Kf2 Re7 35. Rxd4 Rf7+ 36. Ke2 Re7+ 37. Kf2 Rb7 38. Bc4 a5 39. Rd5+ Kh6 40. Rxa5 Re7 41. Kg3 Re3+ 42. Kf2 Rc3 43. Ra6+ Kg5 44. Ra2 Rc1 45. Rd2 Kf4 46. g3+ Kg5 47. Kg2 h4 48. gxh4+ Kxh4 49. Rf2 Rc3 50. Rb2 Re3 51. b4 Re4 52. Bf1 Re7 53. b5 Rb7 54. b6 Rb8 55. b7 Kg5 56. Ba6 Kf5 57. Rc2 Ke5 58. Rc8 Rxb7 59. Bxb7 Kd4 60. Rg8 Ke5 61. Rxg4 Kf5 62. Kg3 Kf6 63. Bg2 Ke5 64. h4 Kf6 65. h5 Kf5 66. h6 Kf6 67. h7 Kf5 68. h8=Q Ke6 69. Qh5 Kf6 70. Rg6+ Kf7 71. Qh7+ Kf8 72. Rg8# 1-0


[Site "https://www.chess.com"]

[Event "Titled Tuesday Blitz September 27 Early 2022"]
[White "Curtis, John"]
[Black "Shuvalov, Evgenij"]
[WhiteFideId "3200256"]
[BlackFideId "4187237"]
[WhiteElo "2203"]
[BlackElo "2033"]
[Result "1-0"]
[Round "01"]
[TimeControl "180+1"]
[Date "2022.09.27"]
[WhiteClock "0:00:56"]
[BlackClock "0:00:18"]

1. e4 e6 2. d4 d5 3. Nc3 Bb4 4. exd5 exd5 5. Bd3 Nf6 6. Ne2 O-O 7. Bg5 Be7 8. O-O Nc6 9. a3 Bg4 10. f3 Bh5 11. Qd2 Bg6 12. Bxg6 hxg6 13. b4 Qd7 14. Bxf6 Bxf6 15. Nd1 Rfe8 16. c3 Ne7 17. Nf2 Nf5 18. Ng3 Ne3 19. Rfe1 Bg5 20. Nf1 Qe6 21. Qd3 Qf5 22. Nxe3 Qxd3 23. Nxd3 Bxe3+ 24. Kf1 Bd2 25. Rxe8+ Rxe8 26. Nc5 Bxc3 27. Rc1 Bxd4 28. Nxb7 Bb6 29. a4 a5 30. bxa5 Be3 31. Rxc7 d4 32. Nd6 Rb8 33. Rc8+ Rxc8 34. Nxc8 Kf8 35. a6 d3 36. a7 Bxa7 37. Nxa7 Ke7 38. Ke1 Kd6 39. Kd2 Kc5 40. Kxd3 Kb4 41. Nc6+ Kxa4 42. Ne5 Kb5 43. Nxf7 Kc5 44. Ne5 g5 45. Ke4 Kd6 46. Nf7+ Ke6 47. Nxg5+ Kf6 48. h4 g6 49. g4 Kg7 50. f4 Kf6 51. Kd5 Kg7 52. Ke6 Kh6 53. f5 Kg7 54. f6+ Kh6 55. f7 Kg7 56. Ke7 Kh6 57. f8=Q# 1-0


[Site "https://www.chess.com"]

[Event "Titled Tuesday Blitz September 27 Early 2022"]
[White "Dahale, Atul"]
[Black "Kalashian, David"]
[WhiteFideId "5037794"]
[BlackFideId "13302418"]
[WhiteElo "2017"]
[BlackElo "2490"]
[Result "0-1"]
[Round "01"]
[TimeControl "180+1"]
[Date "2022.09.27"]
[WhiteClock "0:00:06"]
[BlackClock "0:00:28"]

1. d4 Nf6 2. c4 e6 3. Nc3 Bb4 4. e3 c5 5. Bd3 O-O 6. Ne2 d5 7. O-O dxc4 8. Bxc4 Nbd7 9. a3 cxd4 10. axb4 dxc3 11. bxc3 Qc7 12. Bd3 b6 13. Bb2 Ne5 14. Nd4 Bb7 15. Rc1 Rfd8 16. Be2 Nc4 17. Bxc4 Qxc4 18. Qc2 e5 19. Nf3 Bxf3 20. gxf3 e4 21. fxe4 Nxe4 22. f3 Nf6 23. Qf5 Qe2 24. Rf2 Qxe3 25. Rf1 Rd5 26. Qh3 Rg5+ 27. Kh1 Rd8 28. c4 Nh5 29. f4 Qxh3 0-1


[Site "https://www.chess.com"]

[Event "Titled Tuesday Blitz September 27 Early 2022"]
[White "Deuer, Marius"]
[Black "Riehle, Marco"]
[WhiteFideId "16236432"]
[BlackFideId "12904392"]
[WhiteElo "2059"]
[BlackElo "2462"]
[Result "1-0"]
[Round "01"]
[TimeControl "180+1"]
[Date "2022.09.27"]
[WhiteClock "0:00:37"]
[BlackClock "0:01:09"]

1. e4 e5 2. Bc4 Nf6 3. d3 Bc5 4. Nf3 Nc6 5. Nc3 d6 6. Bg5 h6 7. Bh4 Be6 8. O-O g5 9. Bg3 Qd7 10. Nd5 Bxd5 11. exd5 Nd4 12. Nxd4 Bxd4 13. c3 Bb6 14. d4 e4 15. f3 O-O-O 16. a4 a6 17. a5 Ba7 18. fxe4 Nxe4 19. Bd3 Rde8 20. Qf3 Nxg3 21. hxg3 Kb8 22. Qxf7 Re7 23. Qf5 Qe8 24. b4 Re3 25. Rf3 Rxf3 26. Qxf3 Rf8 27. Qe2 Qd8 28. Re1 b6 29. Bxa6 h5 30. Qb5 c5 31. Qc6 Qc7 32. Re8+ Rxe8 33. Qxe8+ 1-0


[Site "https://www.chess.com"]

[Event "Titled Tuesday Blitz September 27 Early 2022"]
[White "Diaz Perez, Michel Alejandro"]
[Black "Matveeva, Olga"]
[WhiteFideId "3517179"]
[BlackFideId "24107018"]
[WhiteElo "2313"]
[BlackElo "2056"]
[Result "1/2-1/2"]
[Round "01"]
[TimeControl "180+1"]
[Date "2022.09.27"]
[WhiteClock "0:00:26"]
[BlackClock "0:00:39"]

1. Nf3 Nf6 2. g3 e6 3. Bg2 d5 4. O-O Be7 5. b3 O-O 6. Bb2 c5 7. d3 Nc6 8. c4 b6 9. cxd5 Nxd5 10. Nbd2 Bb7 11. a3 Bf6 12. Qc2 Rc8 13. Ne4 Bxb2 14. Qxb2 h6 15. Rac1 Qe7 16. h4 Rfd8 17. Rfd1 Rd7 18. Ne5 Nxe5 19. Qxe5 Rcd8 20. h5 Ba8 21. Nd2 Qf6 22. Nc4 Qg5 23. Qxg5 hxg5 24. Ne5 Rd6 25. b4 cxb4 26. axb4 Nxb4 27. Rc7 Bxg2 28. Kxg2 Rf8 29. Rxa7 Nc6 30. Nxc6 Rxc6 31. Rb7 Rfc8 32. Rb1 Rc2 33. Kf3 g4+ 34. Ke3 R8c5 35. Rb4 Re5+ 36. Re4 Rxh5 37. Rxb6 Rg5 38. Rbb4 Ra5 39. Rxg4 Raa2 40. f4 Rxe2+ 41. Kd4 g6 42. Rh4 Kg7 43. Rb8 Ra4+ 44. Kc3 Ra3+ 45. Kc4 Ra4+ 46. Kc3 Ra3+ 47. Kc4 Ra4+ 48. Kc3 1/2-1/2


[Site "https://www.chess.com"]

[Event "Titled Tuesday Blitz September 27 Early 2022"]
[White "Domingo Nunez, Ruben"]
[Black "Koridze, Lile"]
[WhiteFideId "22245570"]
[BlackFideId "13612514"]
[WhiteElo "2406"]
[BlackElo "2050"]
[Result "1-0"]
[Round "01"]
[TimeControl "180+1"]
[Date "2022.09.27"]
[WhiteClock "0:00:52"]
[BlackClock "0:02:25"]

1. c4 e5 2. Nc3 Nf6 3. Nf3 Nc6 4. e4 Bb4 5. d3 Bxc3+ 6. bxc3 O-O 7. Be2 d6 8. O-O h6 9. h3 Be6 10. Nh2 Ne7 11. f4 exf4 12. Bxf4 Ng6 13. Be3 c6 14. Qd2 d5 15. exd5 cxd5 16. c5 Rc8 17. Rab1 Qc7 18. Bd4 Nd7 19. Ng4 Kh7 20. Bf3 Nxc5 21. Bxg7 Bxg4 22. Qxh6+ Kg8 23. Bxg4 Rfe8 24. Bf6 Ne6 25. Bxe6 1-0


[Site "https://www.chess.com"]

[Event "Titled Tuesday Blitz September 27 Early 2022"]
[White "Dowgird, Filip"]
[Black "Xiong, Jeffery"]
[WhiteFideId "1121235"]
[BlackFideId "2047640"]
[WhiteElo "2215"]
[BlackElo "2714"]
[Result "0-1"]
[Round "01"]
[TimeControl "180+1"]
[Date "2022.09.27"]
[WhiteClock "0:00:51"]
[BlackClock "0:00:12"]

1. d4 Nf6 2. Bf4 c5 3. e3 Qb6 4. Na3 cxd4 5. Qxd4 Qd8 6. Nc4 d6 7. Bg5 Nc6 8. Qh4 Be6 9. O-O-O Rc8 10. Nf3 Qc7 11. Bxf6 exf6 12. c3 d5 13. Ncd2 Be7 14. Qg3 Qxg3 15. hxg3 Ne5 16. Nb3 Ng4 17. Rd2 O-O 18. Nh2 Ne5 19. Nd4 a6 20. Nhf3 b5 21. Nxe5 fxe5 22. Nxe6 fxe6 23. Kb1 Rf6 24. f4 e4 25. g4 g5 26. g3 Bc5 27. Re2 Rcf8 28. Bg2 Rg6 29. Bh3 Rh6 30. Ree1 Kg7 31. Kc2 Kf7 32. a3 Ke7 33. Kd2 Kd6 34. Ke2 a5 35. Bg2 Rg6 36. Bh3 Rg7 37. Rb1 Ra8 38. Ra1 Rga7 39. Bg2 Rg8 40. Bh3 Rb7 41. Rhd1 Rb6 42. Rd2 Ke7 43. Rdd1 Rg6 44. b4 Bd6 45. bxa5 Ra6 46. a4 Rxa5 47. axb5 Rxb5 48. Rdb1 Rxb1 49. Rxb1 Rh6 50. Bg2 Rg6 51. Bh3 Kd7 52. Rb7+ Bc7 53. Ra7 Kc6 54. Ra8 Rh6 55. Bg2 Rg6 56. Bh3 Rg7 57. Re8 Kd7 58. Rh8 Bd6 59. Kd2 Kc6 60. Re8 Kd7 61. Rh8 Ke7 62. c4 Bb4+ 63. Kc2 Bc5 64. cxd5 exd5 65. Kd2 Bb6 66. Ke2 Kd6 67. fxg5 Ra7 68. g6 hxg6 69. Rh6 Ra2+ 70. Kf1 Bxe3 71. Rxg6+ Ke5 72. Rg8 Rf2+ 73. Ke1 Rh2 74. Bf1 Bf2+ 75. Kd1 Bxg3 76. g5 Bf4 77. g6 Kf6 78. Rd8 Rd2+ 79. Ke1 Kxg6 80. Bc4 dxc4 81. Rxd2 Bxd2+ 82. Kxd2 Kf5 83. Ke3 Ke5 0-1


[Site "https://www.chess.com"]

[Event "Titled Tuesday Blitz September 27 Early 2022"]
[White "Dudzinski, Pawel"]
[Black "Hardaway, Brewington"]
[WhiteFideId "1117890"]
[BlackFideId "30941849"]
[WhiteElo "1918"]
[BlackElo "1813"]
[Result "0-1"]
[Round "01"]
[TimeControl "180+1"]
[Date "2022.09.27"]
[WhiteClock "0:01:34"]
[BlackClock "0:02:13"]

1. e4 c5 2. Nc3 Nc6 3. g3 Nf6 4. Bg2 g6 5. d3 Bg7 6. h3 O-O 7. f4 e6 8. e5 Ne8 9. Ne4 d5 10. exd6 Nxd6 11. Ne2 Nxe4 12. Bxe4 Qb6 13. c3 Rd8 14. Qb3 Qc7 15. Qc2 Nb8 16. Be3 Nd7 17. d4 Nf6 18. dxc5 Nxe4 19. Qxe4 Bd7 20. O-O Bc6 21. Qc4 a6 22. Qb4 Rd3 23. Bd4 Qd7 24. Rae1 Qd5 0-1


[Site "https://www.chess.com"]

[Event "Titled Tuesday Blitz September 27 Early 2022"]
[White "Dushyant Sharma"]
[Black "Jobava, Baadur"]
[WhiteFideId "25065130"]
[BlackFideId "13601520"]
[WhiteElo "2144"]
[BlackElo "2582"]
[Result "0-1"]
[Round "01"]
[TimeControl "180+1"]
[Date "2022.09.27"]
[WhiteClock "0:00:12"]
[BlackClock "0:00:56"]

1. e4 e6 2. d4 d5 3. exd5 exd5 4. Bd3 Nc6 5. Nf3 Bg4 6. c3 Qd7 7. O-O O-O-O 8. Be3 Bd6 9. Nbd2 Nf6 10. Qc2 Kb8 11. b4 Rhe8 12. a4 Bh5 13. Bf5 Qe7 14. a5 Qf8 15. b5 Ne7 16. Bd3 Ng4 17. b6 Bg6 18. c4 Nxe3 19. fxe3 dxc4 20. Bxg6 hxg6 21. Ng5 Nf5 22. Nxc4 Qe7 23. Nxd6 cxd6 24. Qc7+ Qxc7 25. bxc7+ Kxc7 26. Nxf7 Rd7 27. Rfc1+ Kb8 28. Ng5 Nxe3 29. Re1 Rde7 30. Re2 Nf5 31. Rxe7 Rxe7 32. Kf2 Nxd4 33. Rd1 Nb5 34. Rd5 Re5 35. Rxe5 dxe5 36. Nf7 e4 37. Ne5 g5 38. Ke3 Nd6 39. g4 Kc7 40. Kd4 b5 41. axb6+ Kxb6 42. Nd7+ Kc6 43. Nf8 a5 44. Ne6 a4 45. Nc5 a3 46. Nb3 Kb5 47. Na1 Ka4 48. Ke5 e3 49. Kxd6 e2 50. Nc2 a2 51. Ke5 a1=Q+ 52. Nxa1 e1=Q+ 53. Kf5 Qxa1 54. Kxg5 Qf6+ 55. Kh5 Qh6# 0-1


[Site "https://www.chess.com"]

[Event "Titled Tuesday Blitz September 27 Early 2022"]
[White "Erenberg, Ariel"]
[Black "Albertini, Luca"]
[WhiteFideId "2811634"]
[BlackFideId "847038"]
[WhiteElo "2243"]
[BlackElo "2207"]
[Result "1-0"]
[Round "01"]
[TimeControl "180+1"]
[Date "2022.09.27"]
[WhiteClock "0:00:21"]
[BlackClock "0:00:05"]

1. b3 Nf6 2. Bb2 e6 3. Nf3 d5 4. c4 Be7 5. g3 O-O 6. Bg2 c6 7. O-O b6 8. d4 Ba6 9. Nbd2 Nbd7 10. Qc2 Rc8 11. e4 c5 12. e5 Ne8 13. Rfe1 cxd4 14. Nxd4 Qc7 15. Rac1 Qb8 16. Qb1 Bb4 17. Rcd1 Nxe5 18. Nxe6 fxe6 19. Bxe5 Bd6 20. Bxd6 Qxd6 21. cxd5 exd5 22. Nc4 Qc5 23. Bxd5+ Kh8 24. Ne3 Nf6 25. Bg2 Qh5 26. h3 Rb8 27. Rd4 Bb7 28. Rh4 Qf7 29. Ng4 h6 30. Ne5 Qc7 31. Ng6+ Kg8 32. Nxf8 Rxf8 33. Bxb7 Qxb7 34. Rf4 Qd7 35. Qf5 Qd2 36. Qe6+ Kh8 37. Qe2 Qd7 38. Kh2 Re8 39. Qd1 Rxe1 40. Qxe1 Qd6 41. Qe3 Qa3 42. Qd2 Qc5 43. Qd8+ Kh7 44. Qd3+ Kh8 45. Qd8+ Kh7 46. Rxf6 gxf6 47. Qxf6 Qc2 48. Qf7+ Kh8 49. a4 a5 50. h4 Qe2 51. h5 Qd2 52. Qe8+ Kg7 53. Qg6+ Kf8 54. Qxb6 Qd6 55. Qxd6+ 1-0


[Site "https://www.chess.com"]

[Event "Titled Tuesday Blitz September 27 Early 2022"]
[White "Eynullayev, Atilla"]
[Black "Beerdsen, Thomas"]
[WhiteFideId "13413570"]
[BlackFideId "1030108"]
[WhiteElo "2508"]
[BlackElo "2883"]
[Result "0-1"]
[Round "01"]
[TimeControl "180+1"]
[Date "2022.09.27"]
[WhiteClock "0:00:16"]
[BlackClock "0:00:23"]

1. d4 d5 2. c4 Nc6 3. cxd5 Qxd5 4. e3 e5 5. Nc3 Bb4 6. Nf3 exd4 7. exd4 Bg4 8. Be2 Bxf3 9. Bxf3 Qc4 10. Be2 Qxd4 11. Qc2 Nf6 12. Be3 Qe5 13. O-O O-O 14. Nb5 a6 15. Nc3 Rfe8 16. Bf3 Bxc3 17. Qxc3 Nd5 18. Qxe5 Rxe5 19. Bc5 b6 20. Rfd1 Rd8 21. Ba3 h6 22. g3 Nde7 23. Rxd8+ Nxd8 24. Rd1 Ndc6 25. Rd7 g5 26. Rxc7 Nd4 27. Bb7 Nd5 28. Rd7 Nf3+ 29. Kg2 Ne1+ 30. Kf1 Nf6 31. Rd1 Nc2 32. Bd6 Rf5 33. Bxa6 Ne3+ 34. Ke2 Nxd1 35. Kxd1 Rd5+ 0-1


[Site "https://www.chess.com"]

[Event "Titled Tuesday Blitz September 27 Early 2022"]
[White "Ferguson, Randal"]
[Black "Aggelis, Nikolaos"]
[WhiteFideId "30903106"]
[BlackFideId "4213220"]
[WhiteElo "2071"]
[BlackElo "2154"]
[Result "0-1"]
[Round "01"]
[TimeControl "180+1"]
[Date "2022.09.27"]
[WhiteClock "0:01:18"]
[BlackClock "0:02:13"]

1. e4 c6 2. c4 d5 3. exd5 cxd5 4. cxd5 Nf6 5. Qa4+ Nbd7 6. Nc3 g6 7. Nf3 Bg7 8. Bc4 O-O 9. Qb3 Nb6 10. d3 Bg4 11. Ne5 Bf5 12. Be3 Nfd7 13. Nf3 Rc8 14. Rc1 Nc5 15. Qa3 Nxc4 16. dxc4 Nd3+ 17. Ke2 Nxc1+ 18. Rxc1 Rxc4 19. Qxa7 Bxc3 20. Rxc3 Rxc3 21. bxc3 Qxd5 22. Nd4 Rc8 23. Nxf5 gxf5 24. Qa4 Qc4+ 25. Qxc4 Rxc4 26. Kd3 Ra4 0-1


[Site "https://www.chess.com"]

[Event "Titled Tuesday Blitz September 27 Early 2022"]
[White "Fernandez De La Vara, Arnaldo"]
[Black "Bobomurodova, Maftuna"]
[WhiteFideId "3518388"]
[BlackFideId "14207400"]
[WhiteElo "2387"]
[BlackElo "1548"]
[Result "1-0"]
[Round "01"]
[TimeControl "180+1"]
[Date "2022.09.27"]
[WhiteClock "0:00:59"]
[BlackClock "0:00:44"]

1. Nf3 Nf6 2. b3 d5 3. Bb2 e6 4. g3 b6 5. Bg2 Bb7 6. O-O Be7 7. c4 O-O 8. e3 c5 9. Qe2 Nc6 10. d3 Qc7 11. Nc3 a6 12. Rfd1 Rfd8 13. cxd5 exd5 14. d4 Rac8 15. Rac1 Qb8 16. Na4 Qa7 17. dxc5 bxc5 18. Bxf6 gxf6 19. Nh4 Ne5 20. Nf5 Bf8 21. Qh5 Ng6 22. Nc3 Qa8 23. Ne2 Rd7 24. Qg4 Rcd8 25. h4 Kh8 26. h5 Ne5 27. Qh4 Rd6 28. Nxd6 Rxd6 29. Rxc5 Qd8 30. Nd4 Rd7 31. Rc2 a5 32. Kh1 Ba6 33. Rdc1 Bd3 34. Rc8 Qe7 35. Rxf8+ Qxf8 36. Qxf6+ Kg8 37. Qxe5 1-0


[Site "https://www.chess.com"]

[Event "Titled Tuesday Blitz September 27 Early 2022"]
[White "Fernandez Hernandez, Gerardo"]
[Black "Evdokimov, Alexey"]
[WhiteFideId "2207400"]
[BlackFideId "24162450"]
[WhiteElo "2183"]
[BlackElo "2147"]
[Result "0-1"]
[Round "01"]
[TimeControl "180+1"]
[Date "2022.09.27"]
[WhiteClock "0:00:02"]
[BlackClock "0:00:04"]

1. e4 c6 2. d4 d5 3. exd5 cxd5 4. c4 Nf6 5. Nc3 g6 6. Qb3 Bg7 7. cxd5 O-O 8. Be2 Nbd7 9. Bf3 Nb6 10. Bf4 a5 11. a4 Bg4 12. Bxg4 Nxg4 13. Nf3 Nf6 14. d6 exd6 15. O-O Rc8 16. Nb5 d5 17. Nd6 Rb8 18. Nb5 Nc4 19. Bxb8 Qxb8 20. Rfe1 Ne4 21. Nc3 Nxc3 22. bxc3 b6 23. h3 Qf4 24. Rad1 g5 25. Qb5 Qf5 26. Re7 h5 27. Re8 g4 28. Rxf8+ Bxf8 29. hxg4 hxg4 30. Ne5 Qc2 31. Re1 Qxc3 32. Qb1 Qxd4 0-1


[Site "https://www.chess.com"]

[Event "Titled Tuesday Blitz September 27 Early 2022"]
[White "Ferreira, Vitor Hugo Vieira"]
[Black "Agasarov, Benik"]
[WhiteFideId "2119765"]
[BlackFideId "13314823"]
[WhiteElo "2168"]
[BlackElo "2152"]
[Result "1/2-1/2"]
[Round "01"]
[TimeControl "180+1"]
[Date "2022.09.27"]
[WhiteClock "0:00:08"]
[BlackClock "0:00:14"]

1. e4 c5 2. Nf3 d6 3. d4 cxd4 4. Nxd4 Nf6 5. Nc3 Bd7 6. h3 Nc6 7. Be3 Nxd4 8. Bxd4 e6 9. Qd2 Bc6 10. Bd3 Be7 11. O-O-O e5 12. Be3 d5 13. exd5 Nxd5 14. Nxd5 Qxd5 15. Kb1 e4 16. Be2 Qxd2 17. Rxd2 O-O 18. Rhd1 b6 19. c3 Rfd8 20. Bc4 Kf8 21. b3 Ke8 22. a4 Rxd2 23. Rxd2 Rd8 24. Rxd8+ Bxd8 25. Bd4 g6 26. Be3 f5 27. g3 Bf6 28. Kc2 Ke7 29. h4 Bd7 30. a5 bxa5 31. Bxa7 a4 32. Bc5+ Kd8 33. b4 a3 34. b5 a2 35. Bxa2 Bxb5 36. Bg8 h6 37. Bh7 Be8 38. h5 Ba4+ 39. Kd2 gxh5 40. Bxf5 Bc6 41. Be3 Bg5 42. Bg6 h4 43. gxh4 Bxh4 44. Bxh6 Bxf2 45. Be3 Bg3 46. c4 Kc7 47. Kc3 Kd6 48. c5+ Ke6 49. Kd4 Be5+ 50. Kc4 Kf6 51. Bh7 Kg7 52. Bf5 Kf6 53. Bh7 Bc7 54. Bd4+ Kg5 55. Be3+ Kg4 56. Kd4 Kf3 57. Bg6 Bd8 58. Bh5+ Kg3 59. Bg6 Bf6+ 60. Kc4 Kf3 61. Bd4 e3 62. Bxf6 e2 63. Bc3 Kf2 64. Bh5 e1=Q 65. Bxe1+ Kxe1 66. Bf7 Kd2 67. Bd5 Be8 68. Kd4 Kc2 69. Ke5 Kc3 70. Kd6 Kb4 71. Bc6 Bh5 72. Bd7 Bf3 73. Be6 Kb5 74. Bd5 Bg4 75. c6 Kb6 76. c7 Bc8 77. Bf7 Kb7 78. Bd5+ Kb6 79. Be4 Ka6 80. Bg6 Kb7 81. Be8 Kb6 82. Bd7 Kb7 83. Bc6+ Kb6 84. Ba4 Kb7 85. Bb5 Kb6 86. Bc4 Kb7 87. Bd5+ Kb6 1/2-1/2


[Site "https://www.chess.com"]

[Event "Titled Tuesday Blitz September 27 Early 2022"]
[White "Fries-Nielsen, Jens Ove"]
[Black "Svane, Rasmus"]
[WhiteFideId "1400142"]
[BlackFideId "4657101"]
[WhiteElo "2525"]
[BlackElo "2674"]
[Result "0-1"]
[Round "01"]
[TimeControl "180+1"]
[Date "2022.09.27"]
[WhiteClock "0:00:58"]
[BlackClock "0:00:09"]

1. Nf3 d5 2. g3 Nf6 3. Bg2 e6 4. O-O Be7 5. d3 O-O 6. b3 c5 7. Bb2 Nc6 8. Nbd2 Qc7 9. e3 e5 10. c4 d4 11. e4 a6 12. Nh4 Bd6 13. Bf3 g6 14. Be2 Bh3 15. Ng2 Nd7 16. Nf3 f6 17. Nfh4 f5 18. exf5 gxf5 19. f4 e4 20. dxe4 fxe4 21. Bg4 Bxg4 22. Qxg4+ Kh8 23. Rae1 Nf6 24. Qg5 Rae8 25. Nf5 Qd7 26. Ngh4 Bc7 27. Qh6 Qf7 28. Qg5 Qg8 29. Nh6 Qxg5 30. fxg5 Nd7 31. g6 Rxf1+ 32. Rxf1 Nde5 33. Nf7+ Kg7 34. Nxe5 Nxe5 35. gxh7 Kxh7 36. Nf5 Nd3 0-1


[Site "https://www.chess.com"]

[Event "Titled Tuesday Blitz September 27 Early 2022"]
[White "Fromm, Marius"]
[Black "Bortnyk, Olexandr"]
[WhiteFideId "12993190"]
[BlackFideId "14120828"]
[WhiteElo "2312"]
[BlackElo "2723"]
[Result "0-1"]
[Round "01"]
[TimeControl "180+1"]
[Date "2022.09.27"]
[WhiteClock "0:00:01"]
[BlackClock "0:00:25"]

1. e4 d6 2. d4 Nf6 3. Nc3 Nbd7 4. Nf3 e5 5. Bc4 Be7 6. O-O c6 7. a4 h6 8. Re1 Qc7 9. dxe5 dxe5 10. Nh4 g6 11. Nf3 g5 12. a5 Nf8 13. Be3 Ng6 14. Nd2 O-O 15. Nf1 Be6 16. Qe2 Bb4 17. Ng3 Bxc3 18. bxc3 Nf4 19. Bxf4 gxf4 20. Nh5 Nxh5 21. Bxe6 Nf6 22. Bc4 Kh7 23. g3 Rg8 24. Kh1 Rae8 25. Rg1 Rg5 26. Qf3 Reg8 27. Bd3 Kh8 28. a6 b5 29. c4 b4 30. c5 Rg4 31. h3 R4g5 32. gxf4 Rxg1+ 33. Rxg1 Rxg1+ 34. Kxg1 exf4 35. Bc4 Kg7 36. Qb3 Qe5 37. Qxb4 Nxe4 38. Qe1 Kf6 39. Bd3 Qg5+ 40. Kh1 f3 41. Bf1 Qh4 0-1


[Site "https://www.chess.com"]